 Dungeon Crawl Stone Soup version 0.22-a0-38-gc6ec8ce517 (webtiles) character file.

134 Kaname the Conjurer (level 4, -10/30 HPs)
             Began as a Demonspawn Wizard on Jan 4, 2018.
             Blown up by Ijyb (11 damage)
             ... with a wand of disintegration (6)
             ... on level 3 of the Dungeon.
             The game lasted 00:06:47 (2211 turns).

Kaname the Conjurer (Demonspawn Wizard)             Turns: 2211, Time: 00:06:48

Health: -10/30     AC:  4    Str:  7    XL:     4   Next: 95%
Magic:  0/8        EV: 12    Int: 20    God:
Gold:   176        SH:  0    Dex: 12    Spells: 0/9 levels left

rFire    . . .     SeeInvis .   e - +0 mace
rCold    . . .     Gourm    .   (no shield)
rNeg     . . .     Faith    .   a - +0 robe
rPois    .         Spirit   +   b - +0 hat
rElec    .         Reflect  .   o - +0 cloak
rCorr    .         Harm     .   p - +0 pair of gloves
MR       .....                  (no boots)
Stlth    ++........             q - amulet of rage
HPRegen  0.10/turn              (no ring)
MPRegen  0.11/turn              (no ring)

@: flying
A: antennae 1, magic shield
a: Evoke Berserk Rage


You were on level 3 of the Dungeon.
You were very hungry.

You visited 1 branch of the dungeon, and saw 3 of its levels.

You collected 176 gold pieces.

Inventory:

Hand Weapons
 e - a +0 mace (weapon)
Missiles
 h - 41 arrows
Armour
 a - a +0 robe (worn)
 b - a +0 hat (worn)
 o - a +0 cloak (worn)
 p - a +0 pair of gloves (worn)
Jewellery
 q - an amulet of rage (around neck)
Scrolls
 f - 3 scrolls of identify {unknown}
 g - 2 scrolls of enchant weapon {unknown}
 i - a scroll of remove curse {unknown}
 j - 2 scrolls of teleportation {unknown}
 m - a scroll of amnesia {unknown}
 n - a scroll of enchant armour {unknown}
 v - a scroll of blinking {unknown}
 w - a scroll of immolation {unknown}
Potions
 k - 2 potions of might {unknown}
 l - 2 potions of flight
 r - a potion of heal wounds {unknown}
 s - a potion of resistance {unknown}
 t - a potion of brilliance {unknown}
 u - a potion of haste {unknown}
Comestibles
 d - 8 rations


   Skills:
 - Level 1.7 Dodging
 - Level 1.7 Stealth
 - Level 3.0 Spellcasting
 + Level 4.6 Conjurations
   Level 1.0 Summonings
 - Level 1.0 Translocations
 - Level 1.0 Poison Magic


You couldn't memorise any spells.
You knew the following spells:

 Your Spells              Type           Power        Failure   Level  Hunger
a - Magic Dart            Conj           ###.         2%          1    None
b - Blink                 Tloc           N/A          14%         2    ##.....
c - Mephitic Cloud        Conj/Pois/Air  ##......     21%         3    ###....
d - Conjure Flame         Conj/Fire      ##......     17%         3    ###....


Dungeon Overview and Level Annotations

Branches:
Dungeon (3/15)

Altars:
Gozag

Annotations:
D:3 Ijyb


Innate Abilities, Weirdness & Mutations

You have a pair of small antennae on your head.
When hurt, damage is shared between your health and your magic reserves.


Message History

Ijyb zaps a wand.
You are blasted!
Ijyb closely misses you.
Ijyb screams, "Me very upset!"
Okay, then.
Unknown command.
Unknown command.
You completely miss Ijyb.
Ijyb is severely wounded.
Ijyb zaps a wand.
You barely resist. You hit Ijyb but do no damage.
Ijyb is severely wounded.
Ijyb hits you but does no damage.
You closely miss Ijyb.
Ijyb is severely wounded.
Ijyb zaps a wand.
You are blasted!
* * * LOW HITPOINT WARNING * * *
Ijyb barely misses you.
It was a potion of flight.
You feel very buoyant.
You fly up into the air.
Ijyb zaps a wand.
You are blasted!
You die...

..#. .# ##.#
.# ##.######
##.
........#
#..
...####.#
#[# ##.# #.#
#.# #.# #.#
#!# ##.# #.#
#g# #..#
#.########@#
#..#
#..........#
#..#
#..#########
...# #.:#
#.#####..#
.........#
#.######.#
#.# #.# #.#
#..


You could see Ijyb.

Vanquished Creatures
  The ghost of ShansongY the Arsonist, an amateur DEFE (D:3)
  2 worms (D:3)
  3 dart slugs
  3 leopard geckos
  A ball python (D:1)
  6 bats
  3 giant cockroaches
  11 goblins
  4 hobgoblins
  A quokka (D:3)
  5 frilled lizards
  A jackal zombie (D:3)
  5 kobolds
  5 rats (D:1)
51 creatures vanquished.

Vanquished Creatures (others)
  A plant (D:3)
1 creature vanquished.

Grand Total: 52 creatures vanquished

Notes
Turn   | Place    | Note
-------+----------+-------------------------------------------
     0 | D:1      | Kaname the Demonspawn Wizard began the quest for the Orb.
     0 | D:1      | Reached XP level 1. HP: 13/13 MP: 4/4
   203 | D:1      | Reached skill level 2 in Conjurations
   295 | D:1      | Gained mutation: When hurt, damage is shared between your health and your magic reserves. [demonic ancestry]
   295 | D:1      | Reached XP level 2. HP: 18/19 MP: 1/6
   751 | D:1      | Reached skill level 3 in Conjurations
   751 | D:1      | Reached XP level 3. HP: 13/24 MP: 0/7
   755 | D:1      | Learned a level 2 spell: Blink
   759 | D:1      | Learned a level 3 spell: Mephitic Cloud
   937 | D:2      | Reached skill level 1 in Translocations
  1053 | D:2      | Found an opulent altar of Gozag.
  1202 | D:2      | Reached skill level 1 in Poison Magic
  1952 | D:3      | Found a faded altar of an unknown god.
  1990 | D:3      | Noticed ShansongY's ghost (amateur DEFE)
  2045 | D:3      | Killed ShansongY's ghost
  2045 | D:3      | Reached skill level 4 in Conjurations
  2045 | D:3      | Gained mutation: You have a pair of small antennae on your head. [demonic ancestry]
  2045 | D:3      | Reached XP level 4. HP: 15/30 MP: 0/8
  2166 | D:3      | Noticed Ijyb
  2172 | D:3      | Learned a level 3 spell: Conjure Flame
  2210 | D:3      | HP: 1/30 [disintegration (13)]
  2211 | D:3      | Blown up by Ijyb

Vault maps used:
D:1:      tarquinn_simple_flora_water_f, minmay_pentomino_o4
D:2:      serial_curves, eino_curves_03, eino_curves_01, grunt_gozag_statues
D:3:      lemuel_upstairs_altar, chequers_ecumenical_altar_twisty,
          serial_bayou_ford_a, uniq_ijyb

Skill      XL: |  1  2  3 |
---------------+----------+-----
Conjurations   | 2 3 4 |  4.6
Translocations | 1 |  1.0
Poison Magic   | 1 |  1.0
Dodging        | |  1.7
Stealth        | |  1.7
Spellcasting   | |  3.0
Summonings     | |  1.0

Action                   |  1- 3 |  4- 6 || total
-------------------------+-------+-------++-------
Melee: Mace              |    78 |    17 ||    95
 Cast: Magic Dart        |   105 |     8 ||   113
       Mephitic Cloud    |       |     1 ||     1
  Use: Potion            |       |     1 ||     1
 Stab: Confused          |       |     1 ||     1
       Sleeping          |       |     1 ||     1
  Eat: Chunk             |     3 |       ||     3
Armor: Robe              |    17 |     2 ||    19
Dodge: Dodged            |    55 |     4 ||    59

Table legend:
 A = Spawn XP
 B = Non-spawn XP
 C = Spawn XP percentage of total XP
 D = Spawn monster count
 E = Non-spawn monster count
 F = Spawn count percentage of total count
 G = Total turns spent on level
                    A         B        C        D         E        F      G
               +---------+---------+-------+---------+---------+-------+---------
         Total |       0 |     192 |   0.0 |       0 |      51 |   0.0 |  2211
               +---------+---------+-------+---------+---------+-------+---------
           D:1 |       0 |      42 |   0.0 |       0 |      25 |   0.0 |   935
           D:2 |       0 |      18 |   0.0 |       0 |       9 |   0.0 |   462
           D:3 |       0 |     132 |   0.0 |       0 |      17 |   0.0 |   814
               +---------+---------+-------+---------+---------+-------+---------
